 Dungeon Crawl Stone Soup version 0.30-a0-782-ge64f9170bb (webtiles) character file.

Game seed: 1747841934661515689

562377 HoaS the Crack Shot (level 24, -9/216 HPs)
             Began as a Demigod Hunter on Feb 21, 2023.
             Mangled by an ancient champion
             ... wielding a +3 great mace
              (30 damage)
             ... on level 3 of the Crypt on Feb 22, 2023.
             The game lasted 02:26:02 (63784 turns).

HoaS the Crack Shot (Demigod Hunter)               Turns: 63784, Time: 02:26:02

Health: -9/216     AC: 20    Str: 12    XL:     24   Next: 19%
Magic:  27/27      EV: 69    Int: 11    God:
Gold:   4390       SH:  0    Dex: 59    Spells: 23/23 levels left

rFire   . . .      SeeInvis +    J - +2 triple crossbow (flame)
rCold   + . .      Faith    .    (shield currently unavailable)
rNeg    . . .      Spirit   .    f - +5 steam dragon scales
rPois   .          Reflect  .    Q - +2 hat {SInv}
rElec   .          Harm     .    u - +2 cloak
rCorr   .          Rampage  .    g - +2 pair of gloves
Will    ++...                    F - +2 pair of boots {Fly}
Stlth   ++++                     D - amulet of regeneration
HPRegen 0.00/turn                w - +6 ring of dexterity
MPRegen 0.20/turn                L - +6 ring of dexterity

@: flying, inhibited regen, studying Staves
A: high MP 1, forlorn, divine attributes, clumsy 1, cold resistance 1, deformed
body, frail 1, inhibited regeneration, no potion heal 1
}: 3/15 runes: barnacled, silver, gossamer
a: no special abilities


You were on level 3 of the Crypt.
You visited 10 branches of the dungeon, and saw 45 of its levels.
You visited 1 bazaar.
You also visited: Ice Cave.

You collected 8041 gold pieces.
You spent 3651 gold pieces at shops.

Inventory:

Hand Weapons
 J - a +2 triple crossbow of flaming (weapon)
Armour
 f - +5 steam dragon scales (worn)
 g - a +2 pair of gloves (worn)
 u - a +2 cloak (worn)
 C - a scarf of resistance
 F - a +2 pair of boots of flying (worn)
 Q - a +2 hat of see invisible (worn)
Jewellery
 a - a ring of protection from cold
 k - the ring "Qozanij" {rElec rPois}
   (You took it off a purple draconian on level 4 of the Depths)

   [ring of poison resistance]

   rElec:     It insulates you from electricity.
   rPois:     It protects you from poison.
 r - a ring of resist corrosion
 w - a +6 ring of dexterity (left hand)
 D - an amulet of regeneration (around neck)
 E - a ring of protection from cold
 G - a ring of flight
 I - a ring of positive energy
 K - the ring of the Final Decision {rF+ Will+ Str+3 Int-5}
   (You found it on level 13 of the Dungeon)

   [ring of willpower]

   Str:       It affects your strength (+3).
   Int:       It affects your intelligence (-5).
   rF:        It protects you from fire.
   Will:      It increases your willpower.
 L - a +6 ring of dexterity (right hand)
 N - the ring "Boc Hul" {rPois Int+8 Dex+3}
   (You found it on level 1 of the Crypt)

   [ring of poison resistance]

   Int:       It affects your intelligence (+8).
   Dex:       It affects your dexterity (+3).
   rPois:     It protects you from poison.
 O - a ring of positive energy
 P - the ring of Psychosis {rPois rF+ MP+9}
   (You found it on level 1 of the Crypt)

   [ring of magical power]

   rF:        It protects you from fire.
   rPois:     It protects you from poison.
   MP:        It affects your magic capacity (+9).
Wands
 q - a wand of digging (14)
Scrolls
 b - 15 scrolls of immolation
 d - 5 scrolls of magic mapping
 e - 11 scrolls of teleportation
 p - 11 scrolls of fear
 t - 4 scrolls of blinking
 x - 8 scrolls of fog
 y - 7 scrolls of vulnerability
 A - 2 scrolls of enchant armour
 B - 4 scrolls of silence
 H - 27 scrolls of identify
Potions
 c - 8 potions of mutation
 h - 21 potions of curing
 i - 6 potions of lignification
 j - 7 potions of haste
 m - 8 potions of attraction
 n - 11 potions of ambrosia
 o - 5 potions of invisibility
 s - 12 potions of cancellation
 v - 9 potions of flight
 z - 5 potions of heal wounds


   Skills:
 * Level 24.7 Fighting
 - Level 26.0 Ranged Weapons
 + Level 5.3 Armour
 * Level 24.7 Dodging
 - Level 0.8 Stealth


You had 23 spell levels left.
You didn't know any spells.
Your spell library contained the following spells:

 Spells                   Type           Power      Damage    Failure   Level
 Apportation              Tloc           0%         N/A       34%         1
 Beastly Appendage        Tmut           0%         N/A       34%         1
 Freeze                   Ice            0%         1d3       34%         1
 Kiss of Death            Conj/Necr      0%         2d5       34%         1
 Magic Dart               Conj           0%         1d3       34%         1
 Necrotise                Necr           0%         1d4       34%         1
 Slow                     Hex            0%         N/A       34%         1
 Sting                    Tmut/Pois      0%         1d3       34%         1
 Summon Small Mammal      Summ           0%         N/A       34%         1
 Blink                    Tloc           0%         N/A       47%         2
 Cigotuvi's Dreadful Rot  Necr/Pois/Air  0%         N/A       47%         2
 Ensorcelled Hibernation  Hex/Ice        0%         N/A       47%         2
 Lesser Beckoning         Tloc           0%         N/A       47%         2
 Momentum Strike          Conj/Tloc      0%         3d8       47%         2
 Poisonous Vapours        Pois/Air       0%         N/A       47%         2
 Searing Ray              Conj           0%         2d4       47%         2
 Static Discharge         Conj/Air       0%         2-2/arc   47%         2
 Wereblood                Tmut           0%         N/A       47%         2
 Call Canine Familiar     Summ           0%         N/A       71%         3
 Confusing Touch          Hex            0%         N/A       71%         3
 Dazzling Flash           Conj/Hex       0%         N/A       71%         3
 Frozen Ramparts          Ice            0%         1d1       71%         3
 Ignite Poison            Fire/Tmut/Pois 0%         N/A       71%         3
 Inner Flame              Hex/Fire       0%         N/A       71%         3
 Kindle Blastsparks       Fire/Tloc/Air  0%         2d10      71%         3
 Mephitic Cloud           Conj/Pois/Air  0%         N/A       71%         3
 Portal Projectile        Hex/Tloc       0%         N/A       71%         3
 Spider Form              Tmut/Pois      0%         N/A       71%         3
 Summon Guardian Golem    Hex/Summ       0%         N/A       71%         3
 Teleport Other           Tloc           0%         N/A       71%         3
 Tukima's Dance           Hex            0%         N/A       71%         3
 Vampiric Draining        Necr           0%         2d6       71%         3
 Vhi's Electric Charge    Tloc/Air       0%         N/A       71%         3
 Anguish                  Hex/Necr       0%         N/A       98%         4
 Animate Dead             Necr           0%         N/A       98%         4
 Cause Fear               Hex            0%         N/A       98%         4
 Dispel Undead            Necr           0%         3d6       98%         4
 Fulminant Prism          Conj/Hex       0%         3d5       98%         4
 Ice Form                 Ice/Tmut       0%         N/A       98%         4
 Iskenderun's Mystic Bla  Conj/Tloc      0%         2d3       98%         4
 Leda's Liquefaction      Hex/Erth       0%         N/A       98%         4
 Manifold Assault         Tloc           0%         N/A       98%         4
 Olgreb's Toxic Radiance  Pois           0%         N/A       98%         4
 Petrify                  Tmut/Erth      0%         N/A       98%         4
 Summon Ice Beast         Ice/Summ       0%         N/A       98%         4
 Summon Lightning Spire   Summ/Air       0%         N/A       98%         4
 Agony                    Necr           0%         N/A       100%        5
 Alistair's Intoxication  Tmut/Pois      0%         N/A       100%        5
 Arcjolt                  Conj/Air       0%         1d10      100%        5
 Blade Hands              Tmut           0%         N/A       100%        5
 Fireball                 Conj/Fire      0%         3d3       100%        5
 Freezing Cloud           Conj/Ice/Air   0%         6-21      100%        5
 Irradiate                Conj/Tmut      0%         3d11      100%        5
 Iskenderun's Battlesphe  Conj           0%         2d6       100%        5
 Lee's Rapid Deconstruct  Erth           0%         3d4*      100%        5
 Lightning Bolt           Conj/Air       0%         1d11      100%        5
 Metabolic Englaciation   Hex/Ice        0%         N/A       100%        5
 Summon Mana Viper        Hex/Summ       0%         N/A       100%        5
 Yara's Violent Unravell  Hex/Tmut       0%         3d3       100%        5
 Conjure Ball Lightning   Conj/Air       0%         3x3d6     100%        6
 Death Channel            Necr           0%         N/A       100%        6
 Starburst                Conj/Fire      0%         6d3       100%        6
 Statue Form              Tmut/Erth      0%         N/A       100%        6
 Dragon Form              Tmut           0%         N/A       100%        7
 Enfeeble                 Hex            0%         N/A       100%        7
 Haunt                    Necr/Summ      0%         N/A       100%        7
 Malign Gateway           Summ/Tloc      0%         N/A       100%        7
 Monstrous Menagerie      Summ           0%         N/A       100%        7
 Orb of Destruction       Conj           0%         9d5       100%        7
 Storm Form               Tmut/Air       0%         N/A       100%        7
 Borgnjor's Revivificati  Necr           0%         N/A       100%        8
 Discord                  Hex            0%         N/A       100%        8
 Disjunction              Tloc           0%         N/A       100%        8
 Necromutation            Tmut/Necr      0%         N/A       100%        8
 Chain Lightning          Conj/Air       0%         N/A       100%        9
 Dragon's Call            Summ           0%         N/A       100%        9


Dungeon Overview and Level Annotations

Branches:
Dungeon (15/15)            Temple (0/1) D:6            Lair (5/5) D:10
 Shoals (4/4) Lair:2       Spider (4/4) Lair:3        Slime (0/5) Lair:4
    Orc (2/2) D:12            Elf (2/3) Orc:2        Vaults (5/5) D:14
  Crypt (3/3) Vaults:3     Depths (4/4) D:15           Hell (visited)
    Dis (0/7) Hell            Geh (0/7) Hell            Coc (0/7) Hell
    Tar (0/7) Hell            Zot (0/5) Depths:4      IceCv (visited)
   Tomb: Crypt:3

Shops:
D:4 =   D:14 !   Orc:2 :[!:*   Elf:1 *:   Shoals:2 *   Vaults:3 (=[*
Vaults:4 :   Vaults:5 (   Depths:4 (

Portals:
Hell: Depths:1 Depths:2 Depths:3 Depths:4
Abyss: Depths:1 Depths:3
Pandemonium: Depths:2
Ziggurat: Depths:4
Trove: Vaults:1 (give +5 ice dragon scales)


Innate Abilities, Weirdness & Mutations

You have an increased reservoir of magic. (+10% MP)
You shall have no god before yourself.
Your divine heritage dramatically boosts your attributes as you level up.
You are clumsy. (Dex -2)
Your flesh is cold resistant. (rC+)
Armour fits poorly on your strangely shaped body.
You are frail. (-10% HP)
You do not regenerate when monsters are visible.
Potions are less effective at restoring your health.


Message History

* * * LOW HITPOINT WARNING * * *
You shoot a bolt.
The bolt closely misses the death scarab.
The bolt hits the death scarab!!
The bolt burns the death scarab!
You destroy the death scarab!
The death scarab's corpse disappears in a puff of smoke!
The death scarab bites you.
* * * LOW HITPOINT WARNING * * *
The death scarab draws strength from your injuries!
The death scarab completely misses you. x4
The royal mummy gestures wildly while chanting.
You shoot a bolt.
The bolt closely misses the death scarab.
The bolt hits the death scarab!!!!
The bolt burns the death scarab.
You destroy the death scarab!
The death scarab's corpse disappears in a puff of smoke!
The death scarab disappears in a puff of smoke!
The death scarab completely misses you. x2
The royal mummy completely misses you.
The royal mummy hits you but does no damage.
You shoot a bolt. The bolt hits the royal mummy!!!
The bolt burns the royal mummy!!
The royal mummy is severely damaged.
You feel yourself speed up.
The death scarab completely misses you. x2
The ancient champion completely misses you.
The death scarab completely misses you. The royal mummy completely misses you.
The ancient champion completely misses you.
You shoot a bolt. The bolt hits the royal mummy!!!
The bolt burns the royal mummy!
You destroy the royal mummy!
The death scarab disappears in a puff of smoke! x3
You feel extremely nervous for a moment...
Your body is wracked with pain!
* * * LOW HITPOINT WARNING * * *
The ancient champion closely misses you.
Your life force feels restored.
The ancient champion completely misses you.
The ancient champion hits you with a +3 great mace!!
You die...

#...[#
##############....#
................[.#######
.........................
.........................
.................z.......
.............####§######.
...#########.#..z§.....#
...# #.#§.@§§....# ...#
#.########### ...# #..
...# #.. #... .. #... ..
..... .. ##


You could see an ancient champion (fast) and a skeletal warrior.

Vanquished Creatures
  An ancient lich (Crypt:3)
  3 dread liches
  A royal mummy (Crypt:3)
  Josephina (Depths:4)
  Geryon (Hell)
  4 golden dragons
  A bone dragon (Vaults:1)
  Arachne (Spider:2)
  A hellephant (Hell)
  The ghost of Joppof the Blocker, an adept GnFi of Gozag (Shoals:3)
  9 tentacled monstrosities
  Zenata (Crypt:2)
  Asterion (Orc:2)
  Rupert (Orc:2)
  The ghost of Vocedusi the Executioner, an adept HOFi of Okawaru (Shoals:3)
  7 liches
  The ghost of Aclimpov the Metallomancer, an adept GrEE of Vehumet (Vaults:2)
  A walking crystal tome (Depths:3)
  6 titans
  2 quicksilver dragons (Depths:4)
  The ghost of Reanua Heppu the Peltast, an adept MiFi of the Shining One (Spider:2)
  9 sphinxes
  2 walking frostbound tomes
  An eldritch tentacle (Vaults:1)
  5 ancient champions
  Frances (Elf:1)
  Agnes (D:15)
  2 krakens (Shoals:2)
  4 revenants
  Polyphemus (Shoals:4)
  3 storm dragons
  5 draconian monks (Depths:4)
  Kirke (D:14)
  9 shadow dragons
  5 tengu reavers
  The ghost of Kuma the Warrior, a journeyman MiBe of Trog (Shoals:2)
  A draconian knight (Depths:4)
  15 vault wardens
  An iron dragon (Hell)
  Louise (Elf:1)
  7 frost giants
  A deep elf elementalist (Elf:2)
  4 deep elf sorcerers
  13 fire giants
  7 emperor scorpions (Spider:4)
  3 ghost moths
  2 balrugs
  2 cacodemons (Vaults:2)
  2 draconian annihilators (Depths:4)
  A juggernaut zombie (Depths:2)
  4 curse skulls
  22 ironbound preservers
  9 ghouls
  A spriggan defender (Depths:3)
  5 war gargoyles
  2 orc warlords
  5 reapers
  11 ironbound thunderhulks
  11 stone giants
  25 very ugly things
  2 caustic shrike skeletons (Vaults:1)
  8 vampire knights
  A juggernaut skeleton (Vaults:1)
  2 broodmothers (Spider:2)
  2 deep elf annihilators
  4 green draconians (Depths:4)
  7 black draconians (Depths:4)
  2 deep elf demonologists
  A lorocyproca (Depths:4)
  7 purple draconians (Depths:4)
  5 spark wasps
  6 white draconians (Depths:4)
  7 dire elephants
  8 red draconians (Depths:4)
  17 ettins
  4 iron golems (Hell)
  3 blizzard demons
  3 green deaths
  7 crystal guardians
  The ghost of julianmaster the Tainted, a journeyman DsGl of Yredelemnul (Orc:2)
  A mummy priest (Crypt:3)
  7 merfolk javelineers
  6 deep elf death magi
  17 slime creatures
  11 fire dragons
  6 eidola
  11 merfolk impalers
  4 great orbs of eyes
  4 entropy weavers
  11 jiangshi
  12 rakshasas
  15 yaktaur captains
  4 peacekeepers
  43 vault guards
  A hell beast (Depths:2)
  2 catoblepae
  10 ice dragons
  2 jorogumos
  3 hydras
  9 merfolk avatars
  3 ghost crabs (Vaults:1)
  13 ironbound frosthearts
  4 radroaches
  5 merfolk aquamancers
  5 death knights
  20 centaur warriors
  A satyr (Shoals:3)
  32 dancing weapons
  6 ogre magi
  6 spriggan air magi
  An alligator snapping turtle (Shoals:1)
  A tengu warrior (Depths:3)
  10 two-headed ogres
  5 boulder beetles
  A bennu zombie (Crypt:1)
  2 death yaks (Shoals:4)
  An azure jelly zombie (Crypt:2)
  4 deep troll shamans
  An Orb Guardian skeleton (Crypt:2)
  5 spriggan berserkers
  5 deep troll earth magi
  3 hell hogs (Hell)
  9 vampire magi
  A death scarab (Spider:4)
  2 shock serpents (Vaults:1)
  5 spriggans
  Sonja (D:10)
  Amaemon (Lair:2)
  9 sun demons
  A hell knight (Depths:3)
  16 deep elf knights
  7 soul eaters
  5 iron trolls
  2 shadow wraiths (Crypt:3)
  An iron giant zombie (Crypt:1)
  9 pharaoh ants
  3 death drakes (Depths:4)
  3 salamander mystics (Depths:2)
  A fire crab (shapeshifter) (Vaults:5)
  A sea snake (shapeshifter) (Vaults:5)
  A sun moth (Spider:3)
  31 skeletal warriors
  4 skysharks
  41 deep trolls
  11 sea snakes
  A storm dragon skeleton (Crypt:2)
  10 glowing orange brains
  8 orb spiders
  8 phantasmal warriors
  7 deep elf archers
  4 flayed ghosts
  Pikel (D:4)
  2 bog bodies (Crypt:1)
  An orange crystal statue (Depths:2)
  A kraken simulacrum (Hell)
  9 wizards
  8 steelbarb worms
  A harpy (shapeshifter) (Vaults:2)
  22 ironbound convokers
  3 necromancers
  A steelbarb worm (shapeshifter) (Vaults:4)
  A lindwurm (shapeshifter) (Elf:1)
  3 orc knights
  15 wolf spiders
  6 lindwurms
  30 deep elf zephyrmancers
  A wolf spider zombie (Crypt:2)
  2 oklob plants (Lair:4)
  17 harpies
  A fire giant zombie (Depths:2)
  3 salamanders (shapeshifter) (Vaults:2)
  21 deep elf pyromancers
  49 ugly things
  21 fauns
  2 sphinx skeletons
  8 salamanders (Depths:2)
  9 orc sorcerers (Orc:2)
  22 manticores
  8 large abominations (Depths:3)
  6 cyclopes
  4 moths of wrath
  A manticore (shapeshifter) (Depths:3)
  10 merfolk sirens
  12 elephants
  5 water nymphs
  4 black mambas
  7 rust devils
  A titan simulacrum (Vaults:1)
  A guardian serpent (shapeshifter) (Vaults:2)
  12 vault sentinels
  3 smoke demons (Hell)
  4 ice statues
  17 cane toads
  A water nymph (shapeshifter) (Vaults:5)
  6 demonic crawlers
  4 gargoyles
  A hellion (Hell)
  3 torpor snails
  An orange demon (Lair:2)
  3 unseen horrors
  4 rime drakes
  A freezing wraith (Vaults:5)
  A death yak zombie (Crypt:1)
  A komodo dragon (shapeshifter) (Vaults:2)
  33 yaktaurs
  A tengu conjurer (Depths:3)
  A sea snake zombie (Hell)
  2 komodo dragons
  8 ice devils
  A black draconian skeleton (Crypt:2)
  A golden dragon simulacrum (Depths:4)
  2 sea snake skeletons
  A tormentor (Depths:4)
  A red devil (Hell)
  3 anaconda simulacra (IceCv)
  3 hydra zombies (Hell)
  9 meliai
  A meliai (shapeshifter) (Vaults:2)
  12 polar bears
  A queen bee (Lair:4)
  6 guardian mummies (Crypt:3)
  10 hornets
  4 trolls
  35 merfolk
  24 blink frogs
  A shadow dragon simulacrum (Depths:4)
  4 wind drakes
  A tengu simulacrum (Depths:4)
  A dream sheep (shapeshifter) (D:15)
  A hydra skeleton (Hell)
  14 snapping turtles
  20 tarantellas
  An iron dragon simulacrum (Depths:4)
  Prince Ribbit (D:5)
  21 dream sheep
  An alligator zombie (Hell)
  5 raiju
  A sphinx simulacrum (Vaults:1)
  A stone giant simulacrum (Depths:2)
  A radroach zombie (Crypt:1)
  A jumping spider (shapeshifter) (Vaults:4)
  25 water elementals
  An ushabti (Crypt:3)
  6 flying skulls (Crypt:2)
  A shadow (D:12)
  A tyrant leech zombie (Crypt:2)
  4 vampires
  25 jumping spiders
  4 dire elephant simulacra (IceCv)
  60 yaks
  29 culicivoras
  5 wyverns
  3 fire elementals
  A hog (D:14)
  2 golden eyes (Vaults:1)
  7 wraiths
  A human (D:14)
  A sea snake simulacrum (Hell)
  9 vampire mosquitoes
  4 basilisks
  A chaos spawn (Depths:3)
  58 redbacks
  3 steam dragons
  Menkaure (D:7)
  A glowing shapeshifter zombie (Depths:2)
  2 hydra simulacra (IceCv)
  2 spatial vortices (Vaults:1)
  A harpy simulacrum (IceCv)
  9 wargs
  4 acid dragons
  14 water moccasins
  A fire bat skeleton (Crypt:1)
  19 hell hounds
  7 small abominations
  An elephant zombie (Crypt:1)
  20 orc warriors
  2 ice beasts (D:5)
  A sky beast (Vaults:1)
  14 ogres
  46 wolves
  14 black bears
  9 centaurs
  5 boggarts (D:15)
  A hog zombie (Crypt:3)
  3 lemures (D:3)
  4 phantoms
  14 bullfrogs
  4 earth elementals
  7 necrophages
  A gnoll sergeant (D:10)
  A two-headed ogre simulacrum (IceCv)
  5 scorpions
  A warg zombie (Crypt:1)
  7 wights (D:7)
  A yak zombie (Crypt:2)
  23 killer bees
  6 electric eels (D:6)
  3 howler monkeys
  A lava snake (D:13)
  A wolf skeleton (Crypt:2)
  3 hounds
  6 orc priests
  3 gnoll boudas
  Crazy Yiuf (D:5)
  7 iguanas
  29 orc wizards
  2 spriggan simulacra
  4 lightning spires (Vaults:1)
  A troll simulacrum (IceCv)
  2 sky beast zombies
  14 gnolls
  A howler monkey skeleton (Crypt:1)
  10 adders
  A naga simulacrum (IceCv)
  A steam dragon skeleton (Crypt:3)
  2 white imps
  6 worms
  3 dart slugs
  62 orcs
  7 bats
  5 endoplasms
  2 giant cockroaches
  7 hobgoblins
  15 jackals
  8 kobolds
  5 quokkas
  3 training dummies (Depths:4)
  5 ball pythons
  3 frilled lizards
  A frilled lizard skeleton (Crypt:3)
  7 goblins
  2 rats
  2 ball lightnings (Vaults:1)
  3 fire vortices (Hell)
  2 tentacles
2221 creatures vanquished.

Vanquished Creatures (others)
  An ironbound preserver (Vaults:5)
  A deep elf pyromancer (Elf:1)
  A human (D:14)
  An orc wizard (Orc:2)
  23 fungi
  77 plants
  7 tentacles
111 creatures vanquished.

Grand Total: 2332 creatures vanquished

Notes
Turn   | Place    | Note
-------+----------+-------------------------------------------
     0 | D:1      | HoaS the Demigod Hunter began the quest for the Orb.
     0 | D:1      | Reached XP level 1. HP: 17/17 MP: 3/3
   193 | D:1      | Reached skill level 4 in Ranged Weapons
   209 | D:1      | Reached XP level 2. HP: 24/24 MP: 4/4
   885 | D:2      | Reached XP level 3. HP: 29/29 MP: 3/5
  1348 | D:2      | Reached skill level 5 in Ranged Weapons
  1741 | D:3      | Reached XP level 4. HP: 36/36 MP: 6/6
  2400 | D:4      | Noticed a necrophage
  2406 | D:4      | Killed a necrophage
  2407 | D:4      | Reached skill level 6 in Ranged Weapons
  2407 | D:4      | Reached XP level 5. HP: 36/41 MP: 7/7
  2438 | D:4      | Noticed a steam dragon
  2449 | D:4      | Killed a steam dragon
  2450 | D:4      | Reached XP level 6. HP: 26/48 MP: 4/8
  2536 | D:4      | Reached skill level 7 in Ranged Weapons
  3058 | D:4      | Found Quarubel's Jewellery Emporium.
  3103 | D:4      | Noticed Pikel
  3113 | D:4      | Reached skill level 8 in Ranged Weapons
  3418 | D:4      | Killed Pikel
  3419 | D:4      | Reached skill level 9 in Ranged Weapons
  3419 | D:4      | Reached XP level 7. HP: 11/53 MP: 4/9
  3422 | D:4      | Noticed a steam dragon
  3626 | D:4      | Killed a steam dragon
  3627 | D:4      | Reached XP level 8. HP: 55/60 MP: 8/10
  3889 | D:5      | Entered Level 5 of the Dungeon
  3941 | D:5      | Reached skill level 10 in Ranged Weapons
  4258 | D:5      | Found a runed translucent door.
  4259 | D:5      | Noticed Crazy Yiuf
  4305 | D:5      | Reached skill level 11 in Ranged Weapons
  4379 | D:5      | Noticed Prince Ribbit
  4414 | D:5      | Killed Prince Ribbit
  5093 | D:6      | Reached XP level 9. HP: 64/64 MP: 11/11
  5108 | D:6      | You fall into a shaft and drop 1 floor!
  5135 | D:7      | Reached skill level 12 in Ranged Weapons
  5392 | D:7      | Noticed Menkaure
  5395 | D:7      | Killed Menkaure
  5772 | D:5      | Killed Crazy Yiuf
  5905 | D:6      | Found a staircase to the Ecumenical Temple.
  6379 | D:6      | Reached skill level 13 in Ranged Weapons
  8297 | D:8      | Reached skill level 14 in Ranged Weapons
  8460 | D:8      | Reached XP level 10. HP: 73/73 MP: 13/13
  9679 | D:10     | Entered Level 10 of the Dungeon
  9839 | D:10     | Reached skill level 15 in Ranged Weapons
 10346 | D:10     | Noticed a two-headed ogre
 10350 | D:10     | Killed a two-headed ogre
 10408 | D:10     | Noticed Sonja
 10413 | D:10     | Killed Sonja
 10717 | D:10     | Found a staircase to the Lair.
 10765 | D:10     | Identified the +1 robe "Iremapak" {Dex+2}
 10898 | Lair:1   | Entered Level 1 of the Lair of Beasts
 11165 | D:10     | Reached skill level 16 in Ranged Weapons
 11463 | Lair:1   | Reached XP level 11. HP: 74/79 MP: 12/14
 12010 | Lair:1   | Reached skill level 17 in Ranged Weapons
 12789 | Lair:1   | Reached skill level 18 in Ranged Weapons
 13026 | Lair:2   | Noticed Amaemon
 13048 | Lair:2   | Killed Amaemon
 13128 | Lair:2   | Reached XP level 12. HP: 78/89 MP: 15/15
 13301 | Lair:2   | Reached skill level 5 in Dodging
 13565 | Lair:2   | Noticed a catoblepas
 13573 | Lair:2   | Killed a catoblepas
 13833 | Lair:2   | Found a staircase to the Shoals.
 14198 | Lair:3   | Reached skill level 5 in Fighting
 14243 | Lair:3   | Found a hole to the Spider Nest.
 14454 | Lair:3   | Noticed a six-headed hydra
 14470 | Lair:3   | Killed a six-headed hydra
 14617 | Lair:3   | Found a frozen archway.
 14641 | IceCv    | Entered an ice cave
 15419 | IceCv    | Noticed a reaper
 15426 | IceCv    | Killed a reaper
 15427 | IceCv    | Reached XP level 13. HP: 83/104 MP: 12/16
 16403 | Lair:4   | Reached skill level 10 in Dodging
 16616 | Lair:4   | Found a staircase to the Slime Pits.
 17199 | Lair:4   | Found the +8 whip "Snakebite" {venom, curare, rPois}
 18012 | Lair:5   | Entered Level 5 of the Lair of Beasts
 19059 | Lair:5   | Reached XP level 14. HP: 118/118 MP: 17/17
 20744 | D:12     | Paralysed by a hornet for 2 turns
 20752 | D:12     | Paralysed by a hornet for 1 turns
 21048 | D:12     | Reached skill level 10 in Fighting
 21390 | D:12     | Found a staircase to the Orcish Mines.
 21691 | Orc:1    | Entered Level 1 of the Orcish Mines
 22038 | Orc:2    | Entered Level 2 of the Orcish Mines
 22048 | Orc:2    | Found a staircase to the Elven Halls.
 22060 | Orc:2    | Found a flickering gateway to a bazaar.
 22066 | Bazaar   | Entered a bazaar
 22090 | Bazaar   | Found Tobet's Magic Scroll Emporium.
 22095 | Bazaar   | Bought a scroll of blinking for 75 gold pieces
 22151 | Bazaar   | Found Zigg's Armour Shoppe.
 22180 | Bazaar   | Found Ilozemow's Book Emporium.
 22200 | Bazaar   | Found Pelixto's Armour Shoppe.
 22241 | Bazaar   | Found Memocoac's Magic Scroll Shoppe.
 22246 | Bazaar   | Bought a scroll of enchant armour for 105 gold pieces
 22246 | Bazaar   | Bought a scroll of acquirement for 728 gold pieces
 22246 | Bazaar   | Bought a scroll of enchant weapon for 105 gold pieces
 22539 | D:4      | Bought a +6 ring of dexterity for 396 gold pieces
 22543 | D:4      | Acquired a manual of Fighting
 22829 | Orc:2    | Found a runed translucent gate.
 22851 | Orc:2    | Found a runed translucent gate.
 22852 | Orc:2    | Found a runed translucent gate.
 22894 | Orc:2    | Found Aduecw's Assorted Antiques.
 22894 | Orc:2    | Noticed julianmaster's ghost (journeyman DsGl)
 23324 | Orc:2    | Found Dubeph's Book Emporium.
 23374 | Orc:2    | Noticed Rupert
 23387 | Orc:2    | Killed Rupert
 23571 | Orc:2    | Found Ibrit's Distillery.
 23584 | Orc:2    | Found Bishygi's Antique Armour Emporium.
 23592 | Orc:2    | Found Diylihe's Book Emporium.
 23754 | Orc:2    | Killed julianmaster's ghost
 23779 | Orc:2    | Bought a scroll of teleportation for 78 gold pieces
 23779 | Orc:2    | Bought a potion of heal wounds for 130 gold pieces
 23865 | Orc:1    | Noticed an orc warlord
 23971 | Orc:2    | Killed an orc warlord
 24439 | D:13     | Reached skill level 15 in Dodging
 24676 | D:13     | Identified the ring of the Final Decision {rF+ Will+ Str+3
                  | Int-5}
 25027 | D:4      | Bought a +4 ring of protection for 396 gold pieces
 25263 | D:14     | Found Bokuittib's Distillery.
 25266 | D:14     | Bought a potion of heal wounds for 65 gold pieces
 25303 | D:14     | Reached XP level 15. HP: 120/132 MP: 15/18
 25308 | D:14     | Noticed Kirke
 25422 | D:14     | Killed Kirke
 25955 | D:14     | Found a gate to the Vaults.
 25995 | D:15     | Entered Level 15 of the Dungeon
 26351 | D:15     | Noticed Agnes
 26363 | D:15     | Killed Agnes
 26613 | D:15     | Found a staircase to the Depths.
 27030 | Spider:1 | Entered Level 1 of the Spider Nest
 28735 | Spider:2 | Found a runed translucent door.
 28737 | Spider:2 | Noticed Reanua Heppu's ghost (adept MiFi)
 28863 | Spider:2 | Noticed Arachne
 28893 | Spider:2 | Killed Arachne
 28894 | Spider:2 | Reached XP level 16. HP: 76/147 MP: 12/19
 29449 | Spider:2 | Reached skill level 15 in Fighting
 30407 | Spider:2 | Killed Reanua Heppu's ghost
 30525 | Spider:2 | Identified the +3 spear of Prudence {vamp, rElec rN+}
 31631 | Spider:3 | Acquired 394 gold pieces
 31955 | D:4      | Bought an amulet of reflection for 330 gold pieces
 32336 | Spider:4 | Entered Level 4 of the Spider Nest
 32356 | Spider:4 | Acquired 769 gold pieces
 33949 | Spider:4 | Got a gossamer rune of Zot
 34329 | Shoals:1 | Entered Level 1 of the Shoals
 34844 | Shoals:1 | Reached XP level 17. HP: 163/163 MP: 20/20
 35751 | Shoals:2 | Reached skill level 19 in Ranged Weapons
 36105 | Shoals:2 | Found a runed translucent door.
 36105 | Shoals:2 | Noticed Kuma's ghost (journeyman MiBe)
 36261 | Shoals:2 | Found Teocaor's General Store.
 36269 | Shoals:2 | Bought a scroll of enchant armour for 127 gold pieces
 36785 | Shoals:2 | Killed Kuma's ghost
 36834 | Shoals:3 | Reached skill level 20 in Ranged Weapons
 36865 | Shoals:3 | Acquired 1175 gold pieces
 36893 | Shoals:3 | Found a runed translucent gate.
 36893 | Shoals:3 | Found a runed translucent gate.
 36893 | Shoals:3 | Found a runed translucent gate.
 37715 | Shoals:3 | Noticed Vocedusi's ghost (adept HOFi)
 37715 | Shoals:3 | Noticed Joppof's ghost (adept GnFi)
 37757 | Shoals:4 | Entered Level 4 of the Shoals
 38159 | Shoals:4 | Reached skill level 21 in Ranged Weapons
 38281 | Shoals:4 | Noticed Polyphemus
 38290 | Shoals:4 | Killed Polyphemus
 38471 | Shoals:4 | Got the Discourse on the Jinx
 38510 | Shoals:4 | Reached XP level 18. HP: 140/172 MP: 21/21
 38919 | Shoals:4 | Got a barnacled rune of Zot
 39246 | Elf:1    | Entered Level 1 of the Elven Halls
 39259 | Elf:1    | Noticed Asterion
 39278 | Orc:2    | Killed Asterion
 39464 | Elf:1    | Found Zichaax's Book Shop.
 39470 | Elf:1    | Found Culed's Assorted Antiques.
 39480 | Elf:1    | Bought a potion of curing for 84 gold pieces
 39480 | Elf:1    | Bought a potion of curing for 84 gold pieces
 39594 | Elf:1    | Reached skill level 22 in Ranged Weapons
 39648 | Elf:1    | Noticed Frances
 39657 | Elf:1    | Killed Frances
 39799 | Elf:1    | Noticed Louise
 39827 | Elf:1    | Killed Louise
 39928 | Elf:1    | Found the +3 salamander hide armour {Flames, rFlCloud rF++
                  | rC--}
 39975 | Elf:1    | Got Tida's Almanac of Grounded Chilblains
 40886 | Elf:2    | Found a runed translucent gate.
 40886 | Elf:2    | Found a runed translucent gate.
 40887 | Elf:2    | Found a runed translucent gate.
 41074 | Vaults:1 | Entered Level 1 of the Vaults
 41336 | Vaults:1 | Got the Catalogue of the Faeries
 41616 | Vaults:1 | Got Wanleuz's Discourse on Direction
 41649 | Vaults:1 | Found a portal to a secret trove of treasure.
 42491 | Vaults:1 | Reached XP level 19. HP: 170/183 MP: 22/22
 42777 | Vaults:1 | Got Sif Muna's Volume of the Zephyr
 43176 | Vaults:1 | Noticed a bone dragon
 43205 | Vaults:1 | Killed a bone dragon
 43401 | Vaults:1 | Got the Grimoire of the Graveyard
 44622 | Vaults:2 | Found a runed translucent gate.
 44622 | Vaults:2 | Found a runed translucent gate.
 44622 | Vaults:2 | Found a runed translucent gate.
 45752 | Vaults:3 | Identified the +5 chain mail of Parlour Games {Int+3}
 45768 | Vaults:3 | Found Lonaanne's Jewellery Emporium.
 45773 | Vaults:3 | Found Qihey's Assorted Antiques.
 45774 | Vaults:3 | Found Wuiraono's Antique Armour Boutique.
 45775 | Vaults:3 | Bought a +6 ring of dexterity for 468 gold pieces
 46007 | Vaults:3 | Found a staircase to the Crypt.
 46685 | Vaults:3 | Reached XP level 20. HP: 118/195 MP: 24/24
 47178 | Vaults:3 | Found Putzit's Antique Weapon Shoppe.
 47821 | Vaults:4 | Identified the +0 helmet of Xoliu {rN++}
 48566 | Vaults:4 | Found Hetwul's Book Shoppe.
 50399 | Shoals:3 | Killed Joppof's ghost
 50431 | Shoals:3 | Killed Vocedusi's ghost
 50436 | Shoals:3 | Identified the +8 bardiche of Exquisite Torment {holy, rF+}
 51053 | Vaults:2 | Found a runed translucent gate.
 51053 | Vaults:2 | Found a runed translucent gate.
 51056 | Vaults:2 | Found a runed translucent gate.
 51068 | Vaults:2 | Noticed Aclimpov's ghost (adept GrEE)
 51096 | Vaults:2 | Killed Aclimpov's ghost
 51266 | Vaults:5 | Entered Level 5 of the Vaults
 51266 | Vaults:5 | Noticed a dread lich
 51272 | Vaults:5 | Reached XP level 21. HP: 207/207 MP: 25/25
 51573 | Vaults:4 | Killed a dread lich
 51935 | Vaults:5 | Noticed a dread lich
 52173 | Vaults:5 | Paralysed by a dread lich for 4 turns
 52185 | Vaults:4 | Killed a dread lich
 52621 | Vaults:5 | Identified the ring of the Stopping Messenger {Wiz rPois
                  | rC+ Str-2 Int+2}
 52636 | Vaults:5 | Noticed a golden dragon
 52654 | Vaults:5 | Identified the +3 leather armour "Taets" {Int+3}
 53262 | Vaults:5 | Reached skill level 23 in Ranged Weapons
 53274 | Vaults:4 | Killed a golden dragon
 53929 | Vaults:5 | Got a silver rune of Zot
 54125 | Vaults:5 | Noticed a golden dragon
 54129 | Vaults:5 | Killed a golden dragon
 54274 | Vaults:5 | Got the Compilation of Loathsome Teratogeny
 54281 | Vaults:5 | Got the Papyrus of Obstruction and Production
 54492 | Vaults:5 | Identified the +7 great mace "Narhearo" {heavy, Str+7
                  | Dex-5}
 54580 | Vaults:5 | Found Onaebb's Weapon Boutique.
 54811 | Depths:1 | Entered Level 1 of the Depths
 55085 | Depths:1 | Found a gateway to Hell.
 55223 | Depths:1 | Identified the +1 robe of Tiupokaa {Int+3}
 55241 | Depths:1 | Identified the +6 spear of Rotation {speed, rElec}
 55263 | Depths:1 | Identified the +0 robe "Qeweg" {rElec rF+ MP+9}
 55880 | Depths:1 | Reached XP level 22. HP: 217/217 MP: 26/26
 56125 | Depths:1 | Found a one-way gate to the infinite horrors of the Abyss.
 56406 | Depths:2 | Found a one-way gate leading to the halls of Pandemonium.
 56534 | Depths:2 | Reached skill level 24 in Ranged Weapons
 57489 | Depths:2 | Found a runed translucent door.
 57599 | Depths:2 | Identified the +1 scale mail of Fedhas's Whim {+Inv Will+
                  | Regen+}
 58105 | Depths:3 | Identified the +0 chain mail of Foxu {Will+}
 58465 | Depths:3 | You are sucked into a shaft and drop 1 floor!
 58465 | Depths:4 | Entered Level 4 of the Depths
 59145 | Depths:4 | Identified the ring of Tym Belie {Ice rCorr Int-3 Dex+3
                  | Stlth+}
 59145 | Depths:4 | Noticed Josephina
 59158 | Depths:4 | Killed Josephina
 59185 | Depths:4 | Found a one-way gateway to a ziggurat.
 59250 | Depths:4 | Reached skill level 25 in Ranged Weapons
 59416 | Depths:4 | Reached XP level 23. HP: 227/227 MP: 27/27
 59561 | Depths:4 | Found Kedoxora's Firing Range.
 59569 | Depths:4 | Bought a +2 triple crossbow of flaming for 480 gold pieces
 59699 | Depths:4 | Identified the ring "Qozanij" {rElec rPois}
 60104 | Depths:4 | Found a gate to the Realm of Zot.
 60123 | Depths:4 | Got the Anthology of the Cooperative Summer
 60216 | Hell     | Entered the Vestibule of Hell
 60217 | Hell     | Noticed Geryon
 60605 | Hell     | Killed Geryon
 60722 | Hell     | Reached skill level 26 in Ranged Weapons
 60819 | Hell     | Found a gateway to the decaying netherworld of Tartarus.
 60864 | Hell     | Reached skill level 1 in Armour
 60875 | Hell     | Found a gateway to the freezing wastes of Cocytus.
 60958 | Hell     | Found a gateway to the ashen valley of Gehenna.
 61070 | Hell     | Found a gateway to the Iron City of Dis.
 61431 | Crypt:1  | Entered Level 1 of the Crypt
 61477 | Crypt:1  | Identified the +0 robe of the World {Harm Will+ Str+4}
 61493 | Crypt:1  | Found a transporter.
 61658 | Crypt:1  | You are sucked into a shaft and drop 1 floor!
 61982 | Crypt:1  | Found a transporter.
 62156 | Crypt:1  | Noticed a dread lich
 62169 | Crypt:1  | Gained mutation: Potions are less effective at restoring
                  | your health. [mutagenic glow]
 62186 | Crypt:1  | Gained mutation: Your flesh is cold resistant. (rC+)
                  | [mutagenic glow]
 62209 | Crypt:1  | Gained mutation: You are frail. (-10% HP) [mutagenic glow]
 62224 | Crypt:1  | Gained mutation: You do not regenerate when monsters are
                  | visible. [mutagenic glow]
 62324 | Crypt:1  | Killed a dread lich
 62327 | Crypt:1  | Gained mutation: You are clumsy. (Dex -2) [mutagenic glow]
 62339 | Crypt:1  | Identified the +9 quarterstaff "Tormentor" {heavy, +Blink
                  | Str+5 Int+3}
 62345 | Crypt:1  | Gained mutation: Armour fits poorly on your strangely
                  | shaped body. [mutagenic glow]
 62349 | Crypt:1  | Identified the ring "Boc Hul" {rPois Int+8 Dex+3}
 62356 | Crypt:1  | Identified the ring of Psychosis {rPois rF+ MP+9}
 62359 | Crypt:1  | Identified the +2 ring mail of Polish {Regen+ Dex+5 SInv}
 62793 | Crypt:2  | Noticed Zenata
 62800 | Crypt:2  | Killed Zenata
 62923 | Crypt:2  | Reached XP level 24. HP: 215/215 MP: 27/27
 63129 | Crypt:3  | Entered Level 3 of the Crypt
 63280 | Crypt:3  | Noticed an ancient lich
 63300 | Crypt:3  | Killed an ancient lich
 63540 | Crypt:3  | Reached skill level 5 in Armour
 63561 | Crypt:3  | Noticed an ancient lich
 63562 | Crypt:3  | Noticed a royal mummy
 63783 | Crypt:3  | Killed a royal mummy
 63784 | Crypt:3  | Mangled by an ancient champion

Illustrated notes

Levels and vault maps discovered:
D:1:      zelgadis_glass_arrival_small, layout_loops_ring
D:2:      minmay_evil_eye, layout_rooms, roderic_three_in_a_row,
          kennysheep_pointless_box, dk_vineyard_2
D:3:      layout_rooms
D:4:      layout_basic, grunt_decor_mini_mirrors, minmay_misc_feat_x,
          minmay_shop_enchanted_jewellery, kennysheep_small_circle, uniq_pikel
D:5:      kb_forest_paths, layout_basic,
          mainiacjoe_overflow_concentric_impassable, nicolae_half_adder,
          uniq_prince_ribbit1, uniq_crazy_yiuf_cottage
D:6:      cheibrodos_two_vegetables, layout_basic,
          minmay_temple_entry_purple_smoke, skrybe_limestone_x
D:7:      layout_loops_ring, hangedman_ru_absence, uniq_menkaure
D:8:      layout_loops_cross, nicolae_overflow_crystal_walls,
          mainiacjoe_overflow_swirl
D:9:      layout_irregular_city, fedhas_altar_2, kennysheep_mini_moat
D:10:     layout_stronghold, grunt_lair_entry_orc_guard_hut, uniq_sonja
D:11:     layout_basic
D:12:     layout_irregular_city, orc_0_dummy, minmay_misc_feat_room,
          st_stairs_13, dreamdust_wasp_nest
D:13:     layout_big_octagon
D:14:     layout_small_grid, grunt_vaults_entry_fortified, serial_shops,
          nicolae_stop_n_shop_2, hex_medium, uniq_kirke
D:15:     gammafunk_enter_depths_forms, layout_rooms, uniq_agnes
Lair:1:   layout_small_grid
Lair:2:   layout_roguey, minmay_shoals_entry_lonely_mermaid,
          beast_lair_carwin_5, uniq_amaemon
Lair:3:   layout_chaotic_city, nicolae_spider_entry_tight_spaces,
          portal_ice_cave_demonic_guard
Lair:4:   minmay_guarded_unrand_snakebite, layout_long_grid,
          minmay_slime_entry_oklob_enclosed, special_room [special_room_bee],
          chequers_serial_rivers_micro_b, dreamdust_gnoll_shepherd,
          infiniplex_staircase_pool_2, grunt_megastairs_4
Lair:5:   hangedman_lair_caniforms_friends, layout_concentric_octagons,
          minmay_lindwurm_lava, lemuel_fruit_fields
Shoals:1: layout_shoals, st_sunken_huts
Shoals:2: layout_shoals, serial_shops, nicolae_square_shop,
          hellmonk_ghost_happy_afterlife
Shoals:3: layout_shoals, gammafunk_ghost_cemetery
Shoals:4: shoals_end_grunt_ice, layout_shoals, nicolae_shoals_mertower,
          uniq_polyphemus
Spider:1: layout_spider_delve, nicolae_spider_orb_run,
          hangedman_spider_tarantella_strand
Spider:2: layout_cave_pods, ebering_ghost_inner_flame, uniq_arachne
Spider:3: layout_spider_delve
Spider:4: grunt_spider_rune_circles
Orc:1:    layout_caves
Orc:2:    kennysheep_orc_mage_school, layout_diamond_mine, ebering_ghost_gozag,
          basic_altar, serial_shops, bzr_entry_safe, uniq_rupert
Elf:1:    layout_rooms, hangedman_elven_crosses_minicolossus,
          due_unseen_surprise, minmay_shop_star, grunt_megastairs_3,
          uniq_louise, uniq_frances, uniq_asterion
Elf:2:    nicolae_elf_blades_splatter_lattice
          [nicolae_blade_entry_area_security], layout_geoelf_octagon,
          basic_altar, grunt_megastairs_5
Vaults:1: st_spiral_rooms, vaults_room_door_ring, hangedman_vaults_snaps,
          nicolae_vaults_little_squares_4, vaults_dpeg_hooks,
          vaults_room_grunt_arrival_checkpoint, hangedman_vaults_nails,
          v_rooms_1, v_misc_16, v_misc_27, nicolae_vaults_what_the_h,
          layout_vaults_big_room, serial_hangedman_research,
          hangedman_research_probablistics, hangedman_research_quantum,
          hangedman_research_thanatology, hangedman_research_electronics,
          enter_trove_2
Vaults:2: ploomutoo_gammafunk_ghost_potion_laboratory, vaults_mumra_lcd,
          grunt_vaults_hallway_short, vaults_dpeg_diagonal,
          nicolae_vaults_border_crossing, nicolae_vaults_circle_grid_a,
          nicolae_vaults_network_star, v_misc_1,
          ontoclasm_vaults_loading_screen, ontoclasm_vaults_idyll,
          layout_vaults_quadrants
Vaults:3: blue_anna_dwarven_crypt, v_misc_10, v_misc_27,
          nicolae_vaults_circle_grid_a, hangedman_vaults_corner_blocks,
          vaults_mumra_chevron, hangedman_vaults_stagger,
          ontoclasm_vaults_shuriken, dpeg_vaults_pockets_of_resistance,
          nicolae_vaults_back_hallway, v_misc_5, v_misc_19, v_misc_16,
          layout_vaults_ring, serial_shops, shop, nicolae_shop_statue_plus,
          shop, shop
Vaults:4: nicolae_vaults_big_ls, ontoclasm_vaults_bender, v_misc_26,
          hangedman_vaults_corner, hangedman_vaults_maws,
          vaults_dpeg_encased_lava, nicolae_vaults_c_with_doors,
          nicolae_vaults_gold_heap, v_misc_14,
          nicolae_vaults_diagonal_hallway_8, v_misc_25,
          nicolae_vaults_little_squares_3, vaults_dpeg_cross, v_misc_1,
          vaults_mumra_hex, layout_vaults_maze, serial_shops,
          nicolae_shop_hallway_plus
Vaults:5: serial_shops
Crypt:1:  gammafunk_its_a_trap, layout_gridlike
Crypt:2:  layout_chaotic_city, uniq_zenata
Crypt:3:  lightli_unholy_cathedral, layout_chaotic_city,
          tomb_entry_shell_bobbens
Depths:1: minmay_octo_star, layout_cave_pools, kennysheep_cross_bottleneck,
          serial_co_window_serial, co_window_of_opportunity_a,
          co_window_corner_a, co_window_cross_1, co_window_paths_b,
          co_window_corner_a, co_window_of_opportunity_a, co_window_paths_a,
          co_window_paths_a, co_window_paths_a, co_window_corner_b,
          co_window_unsneaky_path_a, co_window_corner_b, glass_columns_a,
          glass_columns_a, glass_columns_a, glass_columns_a, abyss_entry,
          hell_entry
Depths:2: kennysheep_big_flooded_room, layout_gridlike, pan_entry,
          minmay_staircase_windowed_small, grunt_mini_vestibule,
          minmay_crystal_box, serial_bayou_shore_a
Depths:3: nicolae_aperiodic_l_corner, layout_cave_shapes,
          minmay_room_of_horrors, dk_noncrumbling_3,
          pf_vacation_house_of_asmodeus, chequers_jeans, nicolae_burly_brawl,
          minmay_staircase_statues
Depths:4: lemuel_castle_with_subvaults [lemuel_castle_interior_carwin_1],
          layout_cave_pools, enter_ziggurat_a, hell_entry,
          nicolae_shop_firing_range, uniq_josephina
Hell

Skill      XL: |  1  2  3  4  5  6  7  8  9 10 11 12 13 14 15 16 17 18 19 20 21 22 23 24 |
---------------+-------------------------------------------------------------------------+-----
Ranged Weapons | 4 5 6 9 11 14 16 18 21 22 23 25 26 | 26.0
Dodging        | 4 9 12 15 17 18 19 20 22 23 24 | 24.7
Fighting       | 3 6 9 11 14 18 19 20 22 23 24 | 24.7
Armour         | 4 5 |  5.3
Stealth        | |  0.8

Action                     |  1- 3 |  4- 6 |  7- 9 | 10-12 | 13-15 | 16-18 | 19-21 | 22-24 || total
---------------------------+-------+-------+-------+-------+-------+-------+-------+-------++-------
  Melee: Shortbow          |       |       |     1 |       |       |       |       |       ||     1
         Arbalest          |       |       |       |     2 |       |       |       |       ||     2
         Longbow           |       |       |       |       |       |     4 |       |       ||     4
   Fire: Shortbow          |   125 |   161 |   306 |       |       |       |       |       ||   592
         Arbalest          |       |       |    26 |   600 |  1517 |  1277 |       |       ||  3420
         Longbow           |       |       |       |       |       |   534 |  2171 |   917 ||  3622
         Triple crossbow   |       |       |       |       |       |       |       |   619 ||   619
  Evoke: Wand              |       |     1 |       |       |       |       |       |       ||     1
    Use: Scroll            |    13 |       |     9 |    12 |    11 |     8 |     5 |     4 ||    62
         Potion            |       |     1 |     1 |     1 |     3 |     5 |     4 |     5 ||    20
 Armour: Leather armour    |    10 |     1 |       |       |       |       |       |       ||    11
         Steam dragon scal |       |    16 |    35 |   129 |   169 |   137 |   105 |    64 ||   655
  Dodge: Dodged            |    34 |    58 |    82 |   265 |  1217 |  1326 |  1451 |  1354 ||  5787
  Block: Other             |       |       |       |       |       |   168 |   210 |    42 ||   420
         Reflection        |       |       |       |       |       |    25 |    19 |     2 ||    46

Table legend: (Time is in decaauts)
 A = Elapsed time spent in this place.
 B = Non-inter-level travel time spent in this place.
 C = Inter-level travel time spent in this place.
 D = Time resting spent in this place.
 E = Time spent auto-exploring this place.
 F = Levels seen in this place.
 G = Mean time per level.
                   A        B        C        D        E       F      G
               +--------+--------+--------+--------+--------+-----+--------+
         Total |  62583 |  56834 |   5749 |  19059 |  26899 |  47 | 1331.6 |
       Dungeon |  17696 |  15096 |   2600 |   4541 |   8037 |  15 | 1179.7 |
          Lair |   8326 |   7520 |    806 |   2690 |   3517 |   5 | 1665.2 |
        Shoals |   4905 |   4629 |    276 |   1380 |   2251 |   4 | 1226.2 |
   Spider Nest |   6685 |   6256 |    429 |   2472 |   2740 |   4 | 1671.2 |
  Orcish Mines |   1965 |   1681 |    284 |    483 |    786 |   2 |  982.5 |
   Elven Halls |   2216 |   1992 |    224 |    472 |   1074 |   2 | 1108.0 |
        Vaults |  11434 |  10736 |    698 |   4769 |   4070 |   5 | 2286.8 |
         Crypt |   2366 |   2237 |    129 |    503 |   1161 |   3 |  788.7 |
        Depths |   5222 |   4932 |    290 |   1032 |   2640 |   4 | 1305.5 |
          Hell |    672 |    664 |      8 |    142 |    271 |   1 |  672.0 |
        Bazaar |    231 |    231 |      0 |      0 |    177 |   1 |  231.0 |
      Ice Cave |    860 |    860 |      0 |    574 |    173 |   1 |  860.0 |
               +--------+--------+--------+--------+--------+-----+--------+

Top non-repeatable levels by time:
Vaults:4: 3693 daAuts
Vaults:1: 2668 daAuts
Spider:2: 2124 daAuts
    D:10: 2106 daAuts
  Lair:4: 2085 daAuts
Vaults:2: 1965 daAuts
Vaults:3: 1938 daAuts
  Lair:5: 1818 daAuts
Spider:4: 1806 daAuts
     D:6: 1737 daAuts
  Lair:2: 1713 daAuts
  Lair:1: 1648 daAuts
Spider:1: 1635 daAuts
Depths:4: 1517 daAuts
     D:5: 1483 daAuts
